 Dungeon Crawl Stone Soup version 0.28.0-43-g3370ac3207 (webtiles) character file.

Game seed: 2568408764534141444

43 jimonade the Grave Robber (level 3, 0/24 HPs)
             Began as a Mummy Necromancer on Mar 12, 2022.
             Killed from afar by Natasha (13 damage)
             ... with a puff of flame
             ... on level 3 of the Dungeon.
             The game lasted 00:09:04 (2010 turns).

jimonade the Grave Robber (Mummy Necromancer)       Turns: 2010, Time: 00:09:06

Health: 0/24       AC:  8    Str: 11    XL:     3   Next: 37%
Magic:  7/7        EV:  4    Int: 16    God:
Gold:   103        SH:  3    Dex: 12    Spells: 6/8 levels left

rFire   x . .      SeeInvis .   u - +4 mace
rCold   + . .      Faith    .   j - +0 buckler
rNeg    + + +      Spirit   .   s - +0 chain mail
rPois   ∞          Reflect  .   (no helmet)
rElec   .          Harm     .   (no cloak)
rCorr   .          Rampage  .   (no gloves)
Will    .....                   (no boots)
Stlth   ..........              (no amulet)
HPRegen 0.08/turn               (no ring)
MPRegen 0.10/turn               (no ring)

@: no status effects
A: cold resistance 1, negative energy resistance 3, torment resistance 2, heat
vulnerability 1, no potions
a: no special abilities


You were on level 3 of the Dungeon.
You visited 1 branch of the dungeon, and saw 3 of its levels.

You collected 103 gold pieces.

Inventory:

Hand Weapons
 e - a +0 club
 i - a +2 dagger of freezing
 p - a +0 dagger
 t - a +0 whip
 u - a +4 mace (weapon)
 v - a +0 rapier
Missiles
 b - 33 bolts
 c - 2 boomerangs of dispersal
 f - 69 stones
 o - 6 atropa-tipped darts
 q - 19 arrows
Armour
 a - a +0 robe
 d - a +0 leather armour
 j - a +0 buckler (worn)
 k - a +0 leather armour
 s - a +0 chain mail (worn)
Jewellery
 m - a ring of willpower
 x - a +6 ring of dexterity
Wands
 z - a wand of iceblast (9)
Scrolls
 g - 2 scrolls of magic mapping {unknown}
 n - 3 scrolls of identify {unknown}
 r - a scroll of torment {unknown}
 w - a scroll of teleportation {unknown}
 y - a scroll of enchant armour {unknown}
Potions
 h - 2 potions of curing {unknown}
 l - a potion of degeneration {unknown}


   Skills:
 - Level 1.6 Dodging
 - Level 1.5 Stealth
 - Level 3.2 Spellcasting
 - Level 4.9 Necromancy


You had 6 spell levels left.
You knew the following spells:

 Your Spells              Type           Power      Damage    Failure   Level
a - Pain                  Necr           72%        1d7       91%         1
b - Animate Skeleton      Necr           36%        N/A       91%         1

Your spell library contained the following spells:

 Spells                   Type           Power      Damage    Failure   Level
 Vampiric Draining        Necr           18%        2d7       99%         3
 Animate Dead             Necr           9%         N/A       100%        4
 Agony                    Necr           18%        N/A       100%        5


Dungeon Overview and Level Annotations

Branches:
Dungeon (3/15)

Altars:

Annotations:
D:3 Natasha


Innate Abilities, Weirdness & Mutations

You are immune to poison.
Your flesh is cold resistant. (rC+)
You are immune to negative energy. (rN+++)
You are immune to unholy pain and torment.
You are vulnerable to heat. (rF-)
You do not drink.


Message History

n - 3 scrolls labelled VUKOIF ORGHUERI (gained 1)
There are no items here.
Magic restored.
Found an escape hatch in the floor.
Found a stone staircase leading down.
You start removing your armour.
You continue taking off your +0 robe. x4
You finish taking off your +0 robe.
You start putting on your armour.
You continue putting on your +0 chain mail. x5
You finish putting on your +0 chain mail.
You start putting on your armour.
You continue putting on your +0 buckler. x4
You finish putting on your +0 buckler.
Okay, then.
Found a stone staircase leading down.
A frilled lizard comes into view.
The frilled lizard hisses angrily.
Natasha, Servant of Life and Death comes into view.
She is carrying a wand of flame (25).
You closely miss the frilled lizard. The frilled lizard barely misses you.
You miss the frilled lizard. The frilled lizard bites you. x2
You hit the frilled lizard.
The frilled lizard is heavily wounded.
Natasha claws you but does no damage.
The frilled lizard bites you but does no damage.
Natasha claws you but does no damage.
You closely miss the frilled lizard.
The frilled lizard is heavily wounded.
The frilled lizard bites you. Natasha claws you but does no damage.
The frilled lizard bites you.
You thump the frilled lizard!
You kill the frilled lizard!
Natasha zaps a wand.
The puff of flame hits you. The fire burns you terribly!
Natasha claws you but does no damage.
You closely miss Natasha. Natasha claws you but does no damage.
You hit Natasha.
Natasha is lightly wounded.
Natasha mumbles some strange words.
You feel troubled.
Natasha zaps a wand.
The puff of flame hits you! The fire burns you terribly!
Ouch! That really hurt!
You die...

.........<..#
.##.......#.#
##.....##.#
##....##.#
#..####.#######
#............>#
#.#####..####...
##.#####..#
........@.#
.#.#####.h#
......##..#####.
#....>......
#.#.....>... #
#...######
#..... .......
.#......h.


You could see Natasha.

Vanquished Creatures
  An adder (D:2)
  A dart slug (D:2)
  2 ball pythons (D:2)
  2 bats
  A giant cockroach (D:1)
  6 goblins
  2 hobgoblins
  2 quokkas
  3 frilled lizards
  5 kobolds
  4 rats
29 creatures vanquished.

Notes
Turn   | Place    | Note
-------+----------+-------------------------------------------
     0 | D:1      | jimonade the Mummy Necromancer began the quest for the Orb.
     0 | D:1      | Reached XP level 1. HP: 13/13 MP: 4/4
   738 | D:1      | Reached XP level 2. HP: 19/19 MP: 2/5
   776 | D:1      | Learned a level 1 spell: Animate Skeleton
  1565 | D:2      | Reached XP level 3. HP: 14/24 MP: 0/7
  1998 | D:3      | Noticed Natasha
  2010 | D:3      | Killed from afar by Natasha

Illustrated notes

Levels and vault maps discovered:
D:1:      lightli_arrival_maybe_door_vault, layout_basic, hangedman_decor_points
D:2:      layout_rooms
D:3:      layout_loops_ring, nicolae_overflow_crystal_walls, uniq_natasha

Skill      XL: |  1  2 |
---------------+-------+-----
Spellcasting   | 3 |  3.2
Dodging        | |  1.6
Stealth        | |  1.5
Necromancy     | |  4.9

Action                   || total
-------------------------++-------
Melee: Club              ||     5
       Dagger            ||     6
       Mace              ||    14
 Cast: Pain              ||    43
       Animate Skeleton  ||     1
Armor: Robe              ||     6
       Chain mail        ||     6
Dodge: Dodged            ||    22
